 Dungeon Crawl Stone Soup version 0.22-a0-419-g492bfec (webtiles) character file.

6092 CanOfBees the Quickloader (level 10, -14/68 HPs)
             Began as a Tengu Hunter on May 16, 2018.
             Was a Priest of Okawaru.
             Demolished by LotusPrincess's ghost (22 damage)
             ... on level 9 of the Dungeon.
             The game lasted 00:36:12 (16440 turns).

CanOfBees the Quickloader (Tengu Hunter)           Turns: 16440, Time: 00:36:13

Health: -14/68     AC: 10    Str: 16    XL:     10   Next: 88%
Magic:  16/16      EV: 15    Int: 12    God:    Okawaru [***...]
Gold:   405        SH:  0    Dex: 14    Spells: 9/9 levels left

rFire    + . .     SeeInvis .   a - +1 hand crossbow
rCold    . . .     Gourm    .   (no shield)
rNeg     . . .     Faith    .   h - +1 scale mail {rF+}
rPois    .         Spirit   .   (helmet restricted)
rElec    .         Reflect  .   C - scarf {cloud immunity}
rCorr    .         Harm     .   E - +0 pair of gloves
MR       .....                  (boots unavailable)
Stlth    ++........             (no amulet)
HPRegen  0.21/turn              (no ring)
MPRegen  0.15/turn              (no ring)

@: heroism
A: beak, talons 3, able to fly 1
a: Fly, Heroism, Renounce Religion


You were on level 9 of the Dungeon.
You worshipped Okawaru.
Okawaru was most pleased with you.
You were not hungry.

You visited 2 branches of the dungeon, and saw 10 of its levels.
You also visited: Ossuary.

You collected 405 gold pieces.

Inventory:

Hand Weapons
 a - a +1 hand crossbow (weapon)
 l - a +0 scimitar of flaming
 t - a +7 club
 y - a +1 spear of piercing
 B - a +2 spear of freezing
 M - a +1 whip of flaming
Missiles
 b - a throwing net
 d - 74 bolts (quivered)
 m - 231 stones
 J - 4 silver tomahawks
Armour
 c - a +2 plate armour of poison resistance
 h - a +1 scale mail of fire resistance (worn)
 k - a scarf of resistance
 u - a +2 ring mail
 C - a scarf of cloud immunity (worn)
 E - a +0 pair of gloves (worn)
Wands
 r - a wand of clouds (1)
 s - a wand of acid (4)
 D - a wand of random effects (31)
Scrolls
 i - a scroll of immolation
 p - 2 scrolls of enchant weapon
 v - 2 scrolls of amnesia
 w - 2 scrolls of teleportation
 A - 2 scrolls of remove curse
 G - a scroll of fear {unknown}
 H - a scroll of magic mapping {unknown}
 L - a scroll of fog
Potions
 e - a potion of berserk rage
 g - a potion of mutation {unknown}
 j - 5 potions of brilliance
 n - 3 potions of lignification
 o - 3 potions of haste
 q - 2 potions of flight
 x - a potion of magic
 z - 2 potions of cancellation
 I - a potion of might
Comestibles
 f - 12 rations
 F - 10 chunks of flesh


   Skills:
 + Level 10.0(15.0) Fighting
 - Level 10.0(15.0) Crossbows
 - Level 3.1(8.1) Armour
 - Level 5.4(10.4) Dodging
 - Level 1.0(6.0) Stealth
 + Level 7.3 Invocations


You had 9 spell levels left.
You didn't know any spells.
Your spell library contained the following spells:

 Spells                   Type           Power        Failure   Level  Hunger
 Bolt of Magma            Conj/Fire/Erth #.........   100%        5    ######.
 Venom Bolt               Conj/Pois      #.........   100%        5    ######.
 Iron Shot                Conj/Erth      #.........   100%        6    #######
 Orb of Destruction       Conj           #.........   100%        7    #######
 Iskenderun's Battlesphe  Conj/Chrm      #.......     100%        5    ######.
 Spellforged Servitor     Conj/Summ      #.........   100%        7    #######


Dungeon Overview and Level Annotations

Branches:
Dungeon (9/15)             Temple (1/1) D:5
   Lair: D:8-11         Orc: D:9-12

Altars:
Ashenzari
Fedhas
Gozag
Okawaru
Ru
Sif Muna
Trog
Uskayaw
Vehumet
Xom
The Shining One

Shops:
D:4 ([(%   D:7 (

Annotations:
D:7 Cuchulain's ghost, novice MiBe
D:9 LotusPrincess's ghost, journeyman DgWn


Innate Abilities, Weirdness & Mutations

You have a beak for a mouth.
You have claws for feet.
You can fly.


Message History

Press: ? - help, Shift-Dir - straight line, f/p - LotusPrincess's ghost
Aim: LotusPrincess's ghost (severely damaged)
You shoot a bolt. The bolt hits LotusPrincess's ghost.
LotusPrincess's ghost is almost destroyed.
LotusPrincess's ghost hits you!
* * * LOW HITPOINT WARNING * * *
Firing (i - inventory. (/) - cycle)
d - 76 bolts (quivered)
Press: ? - help, Shift-Dir - straight line, f/p - LotusPrincess's ghost
Aim: LotusPrincess's ghost (almost destroyed)
You shoot a bolt. The bolt hits LotusPrincess's ghost.
LotusPrincess's ghost is almost destroyed.
LotusPrincess's ghost closely misses you.
Okay, then.
Firing (i - inventory. (/) - cycle)
d - 75 bolts (quivered)
Press: ? - help, Shift-Dir - straight line, f/p - LotusPrincess's ghost
Aim: LotusPrincess's ghost (almost destroyed)
You shoot a bolt. The bolt hits LotusPrincess's ghost.
LotusPrincess's ghost is almost destroyed.
LotusPrincess's ghost hits you!!
You die...

#.# ...Y...#.. #.#
....... .. ########.#
....... .. #........#
....... .. .........#
....... .. #........#
#.>......# #...
#.......)#
#...#####(.((.(W@#
........#..####.#
.......#... ##.#
####.....#..#.##)#
.........#....##.#
####.....#.#..##.######..
...)<.........#..........
###......###..#..........
.........................


You could see LotusPrincess's ghost.

Vanquished Creatures
  Erica (D:8)
  Pikel (D:8)
  A hippogriff (D:7)
  A yak (D:8)
  A hungry ghost (D:9)
  Duvessa (D:3)
  7 orc warriors
  An ice beast (D:9)
  A sky beast (D:6)
  4 ogres
  3 phantoms
  2 centaurs
  5 bullfrogs
  3 elf zombies (Ossuary)
  2 gnoll sergeants
  Dowan (D:3)
  2 scorpions
  4 killer bees
  3 howler monkeys
  2 crimson imps
  A centaur zombie (Ossuary)
  A human zombie (Ossuary)
  A gnoll shaman (D:6)
  3 hounds
  8 orc priests
  6 bullfrog skeletons
  12 orc wizards
  2 iguanas
  8 worker ants
  Ijyb (D:2)
  A big kobold zombie (Ossuary)
  3 mummies (Ossuary)
  2 worker ant zombies
  Robin (D:3)
  12 gnolls
  9 adders
  3 shadow imps
  5 adder zombies (Ossuary)
  4 worms
  2 dart slugs (D:2)
  3 leopard geckos
  54 orcs
  2 ball pythons
  5 giant cockroaches
  3 gnoll zombies (Ossuary)
  15 goblins
  11 hobgoblins
  10 jackals
  11 kobolds
  2 quokkas
  A bat (D:1)
  7 frilled lizards
  3 goblin zombies (Ossuary)
  3 hobgoblin zombies (Ossuary)
  A jackal skeleton (D:5)
  2 jackal zombies (Ossuary)
  3 kobold zombies (Ossuary)
  A leopard gecko skeleton (D:6)
  An orc zombie (Ossuary)
  A quokka skeleton (D:4)
  3 quokka zombies (Ossuary)
  9 rats
  2 rat zombies (Ossuary)
284 creatures vanquished.

Vanquished Creatures (collateral kills)
  A killer bee (D:7)
1 creature vanquished.

Vanquished Creatures (others)
  A slave (D:8)
  An ogre (D:8)
  A centaur (D:8)
  A bullfrog zombie (D:8)
  2 orcs (D:8)
  A jackal (D:8)
  A quokka (D:8)
8 creatures vanquished.

Grand Total: 293 creatures vanquished

Notes
Turn   | Place    | Note
-------+----------+-------------------------------------------
     0 | D:1      | CanOfBees the Tengu Hunter began the quest for the Orb.
     0 | D:1      | Reached XP level 1. HP: 12/12 MP: 2/2
   452 | D:1      | Reached XP level 2. HP: 17/17 MP: 3/3
   897 | D:1      | Reached XP level 3. HP: 14/22 MP: 4/4
  1872 | D:2      | Found a radiant altar of Vehumet.
  2086 | D:2      | Found a shattered altar of Ashenzari.
  2227 | D:2      | Reached skill level 5 in Crossbows
  2249 | D:2      | Reached XP level 4. HP: 27/27 MP: 5/5
  2536 | D:2      | Found a bloodstained altar of Trog.
  2754 | D:3      | Noticed Robin
  2754 | D:3      | Noticed Ijyb
  2761 | D:2      | Killed Ijyb
  3206 | D:2      | Gained mutation: You can fly. [Tengu growth]
  3206 | D:2      | Reached XP level 5. HP: 28/32 MP: 6/6
  4425 | D:3      | Killed Robin
  4581 | D:3      | Reached skill level 1 in Armour
  4581 | D:3      | Reached XP level 6. HP: 38/38 MP: 7/7
  5413 | D:4      | Noticed a phantom
  5859 | D:4      | Found Xicwor's Antique Weapon Boutique.
  5867 | D:4      | Found Guteg's Armour Boutique.
  6052 | D:4      | Killed a phantom
  6052 | D:4      | Reached XP level 7. HP: 31/44 MP: 8/8
  6171 | D:4      | Found Issuwyck's Weapon Boutique.
  6434 | D:4      | Found a deep blue altar of Sif Muna.
  6488 | D:4      | Noticed Duvessa
  6517 | D:4      | Noticed Dowan
  6723 | D:4      | Reached skill level 5 in Fighting
  6763 | D:4      | Found Guxtuhomyt's Food Shoppe.
  7140 | D:3      | Killed Duvessa
  7151 | D:3      | Killed Dowan
  7151 | D:3      | Reached XP level 8. HP: 28/51 MP: 9/9
  7298 | D:5      | Entered Level 5 of the Dungeon
  7363 | D:5      | Found a staircase to the Ecumenical Temple.
  7372 | Temple   | Entered the Ecumenical Temple
  7380 | Temple   | Became a worshipper of Warmaster Okawaru
  7718 | D:5      | Reached skill level 1 in Invocations
  8938 | D:6      | Reached * piety under Okawaru
  9803 | D:6      | Reached XP level 9. HP: 57/57 MP: 12/12
 10284 | D:6      | Found a shimmering altar of Xom.
 11035 | D:7      | Found an opulent altar of Gozag.
 11427 | D:6      | Reached ** piety under Okawaru
 11874 | D:7      | Noticed Cuchulain's ghost (novice MiBe)
 12068 | D:7      | Reached skill level 5 in Invocations
 12374 | D:7      | Found a glowing golden altar of the Shining One.
 12376 | D:7      | Found a blossoming altar of Fedhas.
 12377 | D:7      | Found a sacrificial altar of Ru.
 12608 | D:7      | Found Golilola's Antique Weapon Shop.
 12630 | D:7      | Reached skill level 10 in Crossbows
 12882 | D:8      | Noticed Erica
 12956 | D:8      | Found a sand-covered staircase.
 12999 | D:8      | Reached XP level 10. HP: 26/65 MP: 12/15
 13048 | Ossuary  | Entered an ossuary
 15217 | D:8      | Noticed Pikel
 15231 | D:8      | Killed Pikel
 15369 | D:8      | Killed Erica
 15369 | D:8      | Reached *** piety under Okawaru
 15369 | D:8      | Reached skill level 5 in Dodging
 16020 | D:9      | Noticed LotusPrincess's ghost (journeyman DgWn)
 16354 | D:9      | Reached skill level 10 in Fighting
 16440 | D:9      | Demolished by LotusPrincess's ghost

Vault maps used:
D:1:      minmay_arrival_widening_spiral_wide
D:2:      lemuel_crystal_altar, ashenzari_conservatory_becter, bloody_trog,
          kennysheep_generic_room_10
D:3:      first_ration, uniq_robin, uniq_ijyb
D:4:      tgw_sif, serial_shops, shop, shop, nicolae_shop_behind_doors, shop,
          kennysheep_dice, uniq_duvessa
D:5:      temple_pool_b
D:6:      st_stairs_11, serial_park_tiny_2, xom_teletrap_fun
D:7:      grunt_temple_overflow_open, basic_altar, serial_shops, shop
D:8:      enter_ossuary_3, uniq_pikel, uniq_erica
D:9:      lemuel_round_altar
Temple:   dpeg_chambers_temple
Ossuary:  minmay_ossuary_two_tombs

Skill      XL: |  1  2  3  4  5  6  7  8  9 10 |
---------------+-------------------------------+-----
Dodging        | 3 5 |  5.4
Crossbows      | 5 6 7 8 10 | 10.0
Fighting       | 3 4 5 7 8 10 | 10.0
Armour         | 1 2 3 |  3.1
Invocations    | 3 5 7 |  7.3
Stealth        | |  1.0

Action                   |  1- 3 |  4- 6 |  7- 9 | 10-12 || total
-------------------------+-------+-------+-------+-------++-------
Melee: Short sword       |   105 |    23 |       |       ||   128
       Peck              |     8 |    16 |    46 |    35 ||   105
       Kick              |    20 |    17 |    76 |    68 ||   181
       Club              |       |    86 |   143 |   158 ||   387
       Spear             |       |       |    89 |    19 ||   108
       Rapier            |       |       |    10 |       ||    10
       Hand crossbow     |       |       |       |     2 ||     2
       Punch             |       |       |       |     2 ||     2
 Fire: Hand crossbow     |       |    35 |   185 |   106 ||   326
Throw: Stone             |    15 |    24 |    22 |       ||    61
Invok: Heroism           |       |       |     5 |     5 ||    10
 Abil: Fly               |       |     2 |    13 |     5 ||    20
Evoke: Wand              |       |     1 |     3 |     5 ||     9
  Use: Scroll            |       |     3 |    17 |     7 ||    27
       Potion            |       |     4 |     3 |     9 ||    16
 Stab: Sleeping          |     3 |       |       |       ||     3
       Confused          |       |       |     2 |       ||     2
  Eat: Chunk             |     4 |     3 |    15 |     7 ||    29
       Ration            |       |     3 |     2 |     2 ||     7
Armor: Leather armour    |    28 |     6 |       |       ||    34
       Ring mail         |       |    36 |     8 |       ||    44
       Scale mail        |       |       |   106 |    85 ||   191
Dodge: Dodged            |    62 |   115 |   178 |   133 ||   488

Table legend:
 A = Spawn XP
 B = Non-spawn XP
 C = Spawn XP percentage of total XP
 D = Spawn monster count
 E = Non-spawn monster count
 F = Spawn count percentage of total count
 G = Total turns spent on level
                    A         B        C        D         E        F      G
               +---------+---------+-------+---------+---------+-------+---------
         Total |       0 |    8704 |   0.0 |       0 |     285 |   0.0 | 16440
               +---------+---------+-------+---------+---------+-------+---------
           D:1 |       0 |      52 |   0.0 |       0 |      31 |   0.0 |  1983
           D:2 |       0 |     147 |   0.0 |       0 |      29 |   0.0 |  1916
           D:3 |       0 |     444 |   0.0 |       0 |      33 |   0.0 |  2076
           D:4 |       0 |     560 |   0.0 |       0 |      21 |   0.0 |  1348
           D:5 |       0 |     410 |   0.0 |       0 |      19 |   0.0 |  1197
           D:6 |       0 |    1720 |   0.0 |       0 |      47 |   0.0 |  3283
           D:7 |       0 |    1413 |   0.0 |       0 |      34 |   0.0 |  1766
           D:8 |       0 |    2748 |   0.0 |       0 |      28 |   0.0 |  1775
           D:9 |       0 |     708 |   0.0 |       0 |       9 |   0.0 |   262
       Ossuary |       0 |     502 |   0.0 |       0 |      34 |   0.0 |   807
               +---------+---------+-------+---------+---------+-------+---------
